 Dungeon Crawl Stone Soup version 0.22.0-27-ga576289601 (webtiles) character file.

14287 Morbidden the Transmogrifier (level 11, -5/89 HPs)
             Began as a Grey Draconian Transmuter on Aug 22, 2018.
             Was a High Priest of Cheibriados.
             Slain by a minotaur (17 damage)
             ... in a labyrinth.
             The game lasted 01:12:33 (18281 turns).

Morbidden the Transmogrifier (DrTm)                Turns: 18281, Time: 01:12:34

Health: -5/89      AC: 13    Str: 28    XL:     11   Next: 86%
Magic:  6/18       EV: 17    Int: 25    God:    Cheibriados [*****.]
Gold:   480        SH:  0    Dex: 25    Spells: 5/20 levels left

rFire    . . .     SeeInvis .     - Unarmed
rCold    . . .     Gourm    .   (no shield)
rNeg     . . .     Faith    .   (armour unavailable)
rPois    .         Spirit   .   x - +0 hat
rElec    .         Reflect  .   z - +0 cloak
rCorr    .         Harm     .   (no gloves)
MR       .....                  (no boots)
Stlth    ++........             (no amulet)
HPRegen  0.24/turn              J - +2 ring of strength
MPRegen  0.16/turn              B - +2 ring of dexterity

@: very slow
A: walk through water, unfitting armour, unbreathing, cold-blooded, AC +12
a: Bend Time, Temporal Distortion, Slouch, Step From Time, Renounce Religion


You were in a labyrinth.
You worshipped Cheibriados.
Cheibriados was extremely pleased with you.
You were not hungry.

You visited 3 branches of the dungeon, and saw 15 of its levels.
You also visited: Labyrinth and Ossuary.

You collected 841 gold pieces.
You spent 361 gold pieces at shops.

Inventory:

Missiles
 a - 55 arrows
 k - 3 javelins (quivered)
 m - 5 throwing nets
Armour
 x - a +0 hat (worn)
 z - a +0 cloak (worn)
Jewellery
 i - an uncursed ring of resist corrosion
 B - a +2 ring of dexterity (right hand)
 E - an uncursed ring of fire
 J - a +2 ring of strength (left hand)
 L - an uncursed ring of ice
Wands
 f - a wand of flame (26)
 p - a wand of enslavement (14)
 r - a wand of digging (27)
 y - a wand of disintegration (31)
 C - a wand of acid (14)
 D - a wand of scattershot (3)
 I - a wand of polymorph (12)
Scrolls
 d - 3 scrolls of immolation
 e - a scroll of fog
 g - 2 scrolls of amnesia
 j - a scroll of noise
 n - 2 scrolls of blinking
 o - 7 scrolls of remove curse
 q - 6 scrolls of enchant weapon
 w - a scroll of vulnerability
 A - 3 scrolls of identify
 F - a scroll of teleportation
 H - a scroll of enchant armour
 K - a scroll of random uselessness {unknown}
Potions
 b - a potion of might
 h - a potion of resistance
 l - 2 potions of brilliance
 s - a potion of magic
 t - 3 potions of agility
 u - a potion of haste
 v - 3 potions of mutation
Comestibles
 c - 10 rations


   Skills:
 * Level 6.0 Fighting
 * Level 5.4 Dodging
 + Level 9.9 Unarmed Combat
 - Level 5.0 Spellcasting
 + Level 12.5 Transmutations
 * Level 6.9 Invocations
 - Level 0.7 Evocations


You had 5 spell levels left.
You knew the following spells:

 Your Spells              Type           Power        Failure   Level  Hunger
a - Beastly Appendage     Tmut           ######       1%          1    None
b - Sticks to Snakes      Tmut           ######..     1%          2    None
c - Spider Form           Tmut/Pois      #####.....   1%          3    ##.....
d - Blade Hands           Tmut           ######....   1%          5    #####..
e - Ice Form              Ice/Tmut       #####...     6%          4    ####...

Your spell library contained the following spells:

 Spells                   Type           Power        Failure   Level  Hunger
 Bolt of Magma            Conj/Fire/Erth #.........   92%         5    #####..
 Iskenderun's Battlesphe  Conj/Chrm      #.......     92%         5    #####..
 Venom Bolt               Conj/Pois      #.........   92%         5    #####..
 Iron Shot                Conj/Erth      #.........   100%        6    #######
 Orb of Destruction       Conj           #.........   100%        7    #######
 Spellforged Servitor     Conj/Summ      #.........   100%        7    #######


Dungeon Overview and Level Annotations

Branches:
Dungeon (10/15)            Temple (1/1) D:5            Lair (4/6) D:9
 Shoals (0/4) Lair:3
  Snake: Lair:2-4    Spider: Lair:2-4       Orc: D:9-12

Altars:
Ashenzari
Cheibriados
Dithmenos
Elyvilon
Fedhas
Gozag
Hepliaklqana
Kikubaaqudgha
Makhleb
Nemelex Xobeh
Okawaru
Qazlal
Ru
Sif Muna
Trog
Uskayaw
Vehumet
Wu Jian
Xom
Yredelemnul
Zin
The Shining One

Shops:
D:7 ?   D:9 ?

Annotations:
D:2 2 transporters
D:3 3 runed doors, denis1488's ghost, novice HuFi; xash's ghost, amateur HaWr
D:7 3 runed doors, Freyura's ghost, novice GnFi; Fv001's ghost, novice SpAs; flt's ghost, novice OpFi


Innate Abilities, Weirdness & Mutations

You can walk through water.
Your dull iron-grey scales are very hard. (AC +12)
You cannot fit into any form of body armour.
You can survive without breathing.
You are cold-blooded and may be slowed by cold attacks.


Message History

Your water moccasin bites the minotaur but does no damage.
Unknown command.
You hit the minotaur but do no damage.
The minotaur is severely wounded.
The minotaur hits you!
* * * LOW HITPOINT WARNING * * *
The minotaur gores you!
* * * LOW HITPOINT WARNING * * *
Your water moccasin bites the minotaur but does no damage.
Unknown command.
Unknown command.
Unknown command.
Unknown command.
Unknown command.
Your hands revert to their normal proportions.
Your water moccasin bites the minotaur.
The minotaur looks as sick as possible!
Your water moccasin poisons the minotaur!
Your water moccasin barely misses the minotaur.
The minotaur hits you!
You die...

▓▓▓▓▓▓▓▓▓ ▓ ▓
#SSS..#(.....H#
#H# ###(#.# ###
#@#SS #H#.#.. .
#.###S#(#. #
#...#...#.8.# .
###.###.# .## .
#...#.#.# .. .
### ###.###.# .
#. . . . #. #.
.# # . # . ..
#...# #


You could see a minotaur, a friendly water moccasin and a friendly adder.

Vanquished Creatures
  Fannar (Lair:3)
  Harold (D:8)
  Pikel (D:4)
  A manticore (D:9)
  2 black mambas (Lair:1)
  2 spiny frogs (Lair:1)
  2 komodo dragons (Lair:2)
  A queen bee (D:8)
  Prince Ribbit (D:8)
  2 hippogriffs
  8 yaks
  A human (D:8)
  A basilisk (Lair:1)
  Grum (D:8)
  5 water moccasins
  9 porcupines
  An ice beast (D:8)
  2 slaves (D:4)
  3 black bears
  An orc warrior (D:8)
  A phantom (D:8)
  4 ogres
  A necrophage (D:6)
  10 wolves
  5 centaurs
  3 crocodiles
  10 bullfrogs
  2 scorpions
  13 killer bees
  2 wights (D:10)
  A spriggan skeleton (Lab)
  2 electric eels (Lair:3)
  2 troll skeletons (Lab)
  4 howler monkeys
  A centaur zombie (D:10)
  A quasit (D:5)
  2 hounds
  2 jellies (D:9)
  A bullfrog skeleton (D:5)
  A centaur skeleton (D:4)
  4 orc priests
  An iguana (D:6)
  Jessica (D:2)
  2 orc wizards (D:4)
  2 worker ants
  3 big kobold zombies (Ossuary)
  An ogre skeleton (Lab)
  2 hound skeletons
  2 mummies (Ossuary)
  2 howler monkey zombies
  A worker ant zombie (D:8)
  A howler monkey skeleton (D:6)
  4 gnolls
  9 adders
  4 shadow imps
  10 adder zombies
  4 worms
  A dart slug (D:2)
  2 leopard geckos
  26 orcs
  5 giant cockroaches
  6 hobgoblins
  17 jackals
  4 quokkas
  11 bats
  5 frilled lizards
  A giant cockroach zombie (D:6)
  11 goblins
  12 kobolds
  2 kobold zombies (Ossuary)
  A leopard gecko skeleton (D:3)
  3 orc zombies (Ossuary)
  2 rats (D:3)
276 creatures vanquished.

Vanquished Creatures (collateral kills)
  A centaur warrior (D:9)
  A two-headed ogre (D:9)
  A spiny frog (Lair:2)
  A hippogriff (D:9)
  3 basilisks
  A porcupine (Lair:2)
  An ice beast (D:5)
  An orc warrior (D:8)
  A slave (D:4)
  An ogre (D:4)
  A phantom (D:5)
  A wolf (D:8)
  A big kobold (D:9)
  A water moccasin zombie (Ossuary)
  A howler monkey (D:5)
  A bullfrog zombie (D:5)
  A jelly (D:9)
  An orc wizard (D:7)
  A big kobold zombie (Ossuary)
  A mummy (D:5)
  An adder (D:3)
  2 adder zombies (Ossuary)
  9 orcs
  2 gnoll zombies (Ossuary)
  A kobold (D:9)
  A rat (D:3)
38 creatures vanquished.

Vanquished Creatures (others)
  7 fungi
  3 plants (D:8)
  5 withered plants
15 creatures vanquished.

Grand Total: 329 creatures vanquished

Notes
Turn   | Place    | Note
-------+----------+-------------------------------------------
     0 | D:1      | Morbidden the Draconian Transmuter began the quest for the Orb.
     0 | D:1      | Reached XP level 1. HP: 16/16 MP: 3/3
   421 | D:1      | Reached XP level 2. HP: 9/23 MP: 5/5
   440 | D:1      | Reached skill level 3 in Transmutations
   860 | D:1      | Reached XP level 3. HP: 9/28 MP: 6/6
  1373 | D:2      | Found a transporter.
  1374 | D:2      | Noticed an ogre
  1376 | D:2      | Found a basalt altar of Yredelemnul.
  1376 | D:2      | Noticed a hippogriff
  1377 | D:2      | Found a hide-covered altar of Uskayaw.
  1399 | D:2      | Noticed Jessica
  1406 | D:2      | Reached skill level 4 in Transmutations
  1410 | D:2      | Killed Jessica
  1410 | D:2      | Reached XP level 4. HP: 18/35 MP: 7/7
  1680 | D:2      | Learned a level 2 spell: Sticks to Snakes
  1887 | D:2      | Found a transporter.
  1922 | D:2      | Reached skill level 5 in Transmutations
  2347 | D:3      | Reached XP level 5. HP: 18/40 MP: 8/8
  2622 | D:3      | Found a deep blue altar of Sif Muna.
  3063 | D:3      | Found a runed gate.
  3063 | D:3      | Found a runed gate.
  3125 | D:3      | Reached skill level 6 in Transmutations
  3216 | D:3      | Found a glowing golden altar of the Shining One.
  3296 | D:3      | Found a runed gate.
  3298 | D:3      | Noticed xash's ghost (amateur HaWr)
  3303 | D:3      | Noticed denis1488's ghost (novice HuFi)
  3927 | D:4      | Reached XP level 6. HP: 39/47 MP: 7/9
  3972 | D:4      | Found a blossoming altar of Fedhas.
  4357 | D:4      | Noticed a slave
  4361 | D:4      | Noticed Pikel
  4374 | D:4      | Noticed a slave
  4375 | D:4      | Noticed a slave
  4377 | D:4      | Noticed a slave
  4381 | D:4      | Killed a slave
  4659 | D:4      | Found Zin's Purification Station.
  4662 | D:4      | Found a glowing silver altar of Zin.
  4757 | D:5      | Entered Level 5 of the Dungeon
  4757 | D:5      | Found a bloodstained altar of Trog.
  5175 | D:5      | Reached skill level 7 in Transmutations
  5203 | D:5      | Learned a level 3 spell: Spider Form
  5245 | D:5      | Found a sand-covered staircase.
  5348 | Ossuary  | Entered an ossuary
  5597 | Ossuary  | Your scales start taking on a dull iron-grey colour.
  5597 | Ossuary  | Reached XP level 7. HP: 29/52 MP: 0/10
  5597 | Ossuary  | Gained mutation: You can survive without breathing. [Grey Draconian growth]
  6492 | D:4      | Bought 2 potions of curing for 180 gold pieces
  6641 | D:4      | Killed Pikel
  6641 | D:4      | Reached skill level 8 in Transmutations
  6986 | D:4      | Reached XP level 8. HP: 55/61 MP: 9/11
  7558 | D:5      | Reached skill level 5 in Unarmed Combat
  7568 | D:5      | Reached skill level 9 in Transmutations
  7857 | D:5      | Found a staircase to the Ecumenical Temple.
  7906 | Temple   | Entered the Ecumenical Temple
  8788 | D:6      | Found a radiant altar of Vehumet.
  8861 | D:6      | Found a sacrificial altar of Ru.
  8975 | D:6      | Found an opulent altar of Gozag.
  9367 | D:6      | Found a snail-covered altar of Cheibriados.
  9541 | D:6      | Became a worshipper of Cheibriados the Contemplative
  9680 | D:6      | Found a shadowy altar of Dithmenos.
  9898 | D:7      | Found Fuarouph's Magic Scroll Boutique.
  9962 | D:7      | Found a hazy altar of Hepliaklqana.
 10041 | D:7      | Reached XP level 9. HP: 64/66 MP: 11/13
 10129 | D:7      | Bought a scroll of identify for 28 gold pieces
 10129 | D:7      | Bought a scroll of identify for 28 gold pieces
 10129 | D:7      | Bought a scroll of identify for 28 gold pieces
 10200 | D:7      | Found a runed gate.
 10201 | D:7      | Noticed flt's ghost (novice OpFi)
 10202 | D:7      | Found a runed gate.
 10202 | D:7      | Found a runed gate.
 10202 | D:7      | Noticed Freyura's ghost (novice GnFi)
 10202 | D:7      | Noticed Fv001's ghost (novice SpAs)
 10211 | D:7      | Found a white marble altar of Elyvilon.
 10227 | D:7      | Reached skill level 1 in Invocations
 10765 | D:8      | Noticed Harold
 10800 | D:8      | Killed Harold
 10800 | D:8      | Reached skill level 10 in Transmutations
 11170 | D:8      | Learned a level 5 spell: Blade Hands
 11315 | D:8      | Noticed Grum
 11326 | D:8      | Killed Grum
 11359 | D:8      | Noticed Prince Ribbit
 11369 | D:8      | Killed Prince Ribbit
 11373 | D:8      | Reached * piety under Cheibriados
 11501 | D:8      | Reached XP level 10. HP: 58/74 MP: 5/16
 12002 | D:8      | Reached ** piety under Cheibriados
 12346 | D:9      | Found Otrenyib's Magic Scroll Shop.
 12371 | D:9      | Bought a scroll of enchant armour for 97 gold pieces
 12387 | D:9      | Found an opulent altar of Gozag.
 12618 | D:9      | Learned a level 4 spell: Ice Form
 12663 | D:9      | Noticed a manticore
 12673 | D:9      | Noticed a centaur warrior
 12679 | D:9      | Killed a manticore
 12679 | D:9      | Reached skill level 11 in Transmutations
 12681 | D:9      | Reached skill level 5 in Spellcasting
 12685 | D:9      | Killed a centaur warrior
 12685 | D:9      | Reached skill level 5 in Invocations
 13054 | D:9      | Found a staircase to the Lair.
 13289 | D:9      | Reached *** piety under Cheibriados
 13299 | D:9      | Noticed a two-headed ogre
 13306 | D:9      | Killed a two-headed ogre
 13560 | D:10     | Entered Level 10 of the Dungeon
 13642 | D:10     | HP: 3/78 [something (9)]
 13903 | Lair:1   | Entered Level 1 of the Lair of Beasts
 13961 | Lair:1   | Noticed a spiny frog
 13963 | Lair:1   | Reached XP level 11. HP: 80/84 MP: 9/18
 14522 | Lair:1   | Reached skill level 5 in Dodging
 14751 | Lair:1   | Reached **** piety under Cheibriados
 15416 | Lair:2   | Reached skill level 5 in Fighting
 15432 | Lair:2   | Reached skill level 12 in Transmutations
 16660 | Lair:3   | Found a staircase to the Shoals.
 16747 | Lair:3   | Noticed Fannar
 16761 | Lair:3   | Killed Fannar
 17844 | Lair:4   | Found a labyrinth entrance.
 17863 | Lab      | Entered a labyrinth
 17939 | Lab      | Reached ***** piety under Cheibriados
 18250 | Lab      | Noticed a minotaur
 18281 | Lab      | Slain by a minotaur

Skill      XL: |  1  2  3  4  5  6  7  8  9 10 11 |
---------------+----------------------------------+-----
Transmutations | 3 4 5 6 7 8 9 10 11 12 | 12.5
Dodging        | 2 3 4 5 |  5.4
Unarmed Combat | 4 6 7 8 9 |  9.9
Fighting       | 2 4 6 |  6.0
Invocations    | 4 5 6 |  6.9
Spellcasting   | 4 5 |  5.0
Evocations     | |  0.7

Action                   |  1- 3 |  4- 6 |  7- 9 | 10-12 || total
-------------------------+-------+-------+-------+-------++-------
Melee: Unarmed           |   118 |   312 |   421 |   259 ||  1110
       Kick              |    13 |    29 |    52 |     8 ||   102
       Punch             |     1 |     7 |     4 |    11 ||    23
       Short sword       |    31 |       |       |       ||    31
       Tailslap          |     6 |    22 |    54 |    37 ||   119
       Headbutt          |     2 |    19 |    14 |    15 ||    50
Throw: Javelin           |     9 |    26 |    21 |    14 ||    70
       Throwing net      |       |     1 |       |       ||     1
 Cast: Beastly Appendage |    18 |    30 |    39 |    18 ||   105
       Sticks to Snakes  |       |    35 |    35 |    34 ||   104
       Spider Form       |       |       |     6 |       ||     6
       Blade Hands       |       |       |     5 |    19 ||    24
       Ice Form          |       |       |       |    12 ||    12
Evoke: Wand              |       |       |       |     2 ||     2
  Use: Potion            |       |     3 |     6 |     8 ||    17
       Scroll            |       |    13 |     9 |     4 ||    26
 Stab: Sleeping          |       |     1 |       |     1 ||     2
       Distracted        |       |     1 |     1 |     3 ||     5
       Invisible         |       |       |     1 |       ||     1
  Eat: Chunk             |     2 |    14 |     8 |    11 ||    35
       Ration            |       |     1 |     5 |     3 ||     9
Armor: Skin              |    50 |   126 |   146 |   114 ||   436
Dodge: Dodged            |   106 |   226 |   259 |   220 ||   811
